 Dungeon Crawl Stone Soup version 0.31-a0-667-g39726597b9 (webtiles) character file.

Game seed: 5774296547575914887

100 Armakuni the Charlatan (level 5, -3/37 HPs)
             Began as a Human Artificer on Sept 3, 2023.
             Succumbed to a goblin's poison
             ... on level 2 of the Dungeon.
             The game lasted 00:03:07 (1729 turns).

Armakuni the Charlatan (Human Artificer)            Turns: 1729, Time: 00:03:07

Health: -3/37      AC:  5    Str: 11 (14) XL:     5   Next: 3%
Magic:  3/5        EV: 10    Int:  9 (12) God:
Gold:   32         SH:  0    Dex: 11 (13) Spells: 4/4 levels left

rFire   . . .        b - +0 sling
rCold   . . .        (no shield)
rNeg    . . .        i - +0 ring mail
rPois   .            (no helmet)
rElec   .            (no cloak)
rCorr   .            (no gloves)
SInv    .            (no boots)
Will    .....        G - amulet of guardian spirit
Stlth   +            (no ring)
HPRegen 0.26/turn    (no ring)
MPRegen 0.09/turn

%: guardian spirit
@: mighty, brilliant, lethally poisoned (-3 -> -20)
A: no striking features
a: no special abilities


You were on level 2 of the Dungeon.
You visited 1 branch of the dungeon, and saw 2 of its levels.

You collected 32 gold pieces.

Inventory:

Hand Weapons
 a - a +0 whip
 b - a +0 sling (weapon)
Missiles
 g - 2 poisoned darts
Armour
 i - a +0 ring mail (worn)
Jewellery
 G - an amulet of guardian spirit (around neck)
Wands
 c - a wand of flame (6)
 d - a wand of charming (12)
 e - a wand of iceblast (4)
Scrolls
 f - a scroll of identify {unknown}
 h - 2 scrolls of teleportation {unknown}
 j - a scroll of immolation {unknown}
Potions
 m - a potion of degeneration
 n - a potion of curing {unknown}
 o - a potion of invisibility {unknown}


   Skills:
 - Level 1.0 Fighting
 - Level 2.0 Armour
 - Level 1.0 Dodging
 - Level 1.0 Stealth
 + Level 5.3 Evocations


You had 4 spell levels left.
You didn't know any spells.
Your spell library contained the following spells:

 Spells                   Type           Power      Damage    Failure   Level
 Summon Guardian Golem    Hex/Summ       0%         N/A       96%         3
 Orb of Destruction       Conj           0%         9d5       100%        7
 Spellforged Servitor     Conj/Summ      0%         N/A       100%        7


Dungeon Overview and Level Annotations

Branches:
Dungeon (2/15)

Altars:


Message History

You shoot a sling bullet.
The sling bullet barely misses the goblin.
You shoot a sling bullet.
The sling bullet barely misses the goblin.
The goblin hits you with a +4 dagger of venom.
You are poisoned.
You shoot a sling bullet.
The sling bullet barely misses the goblin.
You feel very sick.
The goblin hits you with a +4 dagger of venom.
You are more poisoned.
The goblin hits you with a +4 dagger of venom.
You are more poisoned.
Aiming: Throw Flame
Press: ? - help, Shift-Dir - straight line, f/p - goblin
Aim: a goblin, wielding a +4 dagger of venom (67% to hit)
The puff of flame hits the goblin.
The goblin is severely wounded.
You feel very sick.
The goblin hits you with a +4 dagger of venom.
You are more poisoned.
Aiming: Throw Flame
Press: ? - help, Shift-Dir - straight line, f/p - goblin
Aim: a goblin, wielding a +4 dagger of venom (severely wounded, 67% to hit)
The puff of flame hits the goblin!
You kill the goblin!
* * * LOW HITPOINT WARNING * * *
You feel extremely sick.
It was a potion of degeneration.
There was something very wrong with that liquid.
You feel weakened.
You feel dopey.
You feel clumsy.
* * * LOW HITPOINT WARNING * * *
You feel very sick.
It was a potion of might.
You feel very mighty all of a sudden.
* * * LOW HITPOINT WARNING * * *
You feel very sick.
It was a potion of brilliance.
You feel clever all of a sudden.
You die...

.##...# #.#
......# >.#
...#.## ...#.#
.....# #..###
#..###############
.................#
##.#############@#
#.# #)# #.# #.#
#.# ... #.# ###
#.# ##.# .#.#
.#.##


There were no monsters in sight!

Vanquished Creatures
  3 gnolls (D:2)
  3 adders (D:2)
  2 dart slugs (D:1)
  4 ball pythons
  3 bats
  An endoplasm (D:1)
  3 giant cockroaches
  8 goblins
  2 hobgoblins
  2 quokkas
  3 frilled lizards (D:1)
  2 kobolds
  5 rats
41 creatures vanquished.

Vanquished Creatures (collateral kills)
  A giant cockroach (D:2)
  A kobold (D:2)
  A frilled lizard (D:2)
3 creatures vanquished.

Vanquished Creatures (others)
  A gnoll (D:2)
1 creature vanquished.

Grand Total: 45 creatures vanquished

Notes
Turn   | Place    | Note
-------+----------+-------------------------------------------
     0 | D:1      | Armakuni the Human Artificer began the quest for the Orb.
     0 | D:1      | Reached XP level 1. HP: 15/15 MP: 1/1
   269 | D:1      | Reached XP level 2. HP: 16/21 MP: 0/2
   646 | D:1      | Reached skill level 4 in Evocations
   646 | D:1      | Reached XP level 3. HP: 26/26 MP: 3/3
  1110 | D:2      | Reached XP level 4. HP: 17/32 MP: 2/4
  1211 | D:2      | Reached skill level 5 in Evocations
  1619 | D:2      | Reached XP level 5. HP: 37/37 MP: 5/5
  1728 | D:2      | HP: 1/37 [poisoned by a goblin]
  1729 | D:2      | Succumbed to a goblin's poison

Illustrated notes

Levels and vault maps discovered:
D:1:      mrwooster_arrival_arrow, layout_loops_ring,
          amcnicky_mini_rare_corridor_liquid, nicolae_houndstooth_variations
D:2:      layout_loops_ring, nrook_uturn

Skill      XL: |  1  2  3  4 |
---------------+-------------+-----
Evocations     | 4 5 |  5.3
Fighting       | |  1.0
Armour         | |  2.0
Dodging        | |  1.0
Stealth        | |  1.0

Action                     |  1- 3 |  4- 6 || total
---------------------------+-------+-------++-------
  Melee: Club              |    60 |       ||    60
         Punch             |     2 |       ||     2
         Whip              |       |     4 ||     4
   Fire: Sling             |    27 |    61 ||    88
  Throw: Dart              |     5 |       ||     5
  Evoke: Wand              |     8 |     5 ||    13
    Use: Potion            |       |     3 ||     3
   Stab: Sleeping          |     3 |       ||     3
 Armour: Leather armour    |    22 |       ||    22
         Ring mail         |    28 |    45 ||    73
  Dodge: Dodged            |    52 |    23 ||    75

Table legend: (Time is in decaauts)
 A = Elapsed time spent in this place.
 B = Non-inter-level travel time spent in this place.
 C = Inter-level travel time spent in this place.
 D = Time resting spent in this place.
 E = Time spent auto-exploring this place.
 F = Levels seen in this place.
 G = Mean time per level.
                   A        B        C        D        E       F      G
               +--------+--------+--------+--------+--------+-----+--------+
         Total |   1790 |   1761 |     29 |    237 |   1102 |   2 |  895.0 |
       Dungeon |   1790 |   1761 |     29 |    237 |   1102 |   2 |  895.0 |
               +--------+--------+--------+--------+--------+-----+--------+

Top non-repeatable levels by time:
     D:1: 923 daAuts
     D:2: 867 daAuts
